 Dungeon Crawl Stone Soup version 0.24.0-123-gd5b16e6ec5 (webtiles) character file.

Game seed: 3008736438687943886, levelgen mode: deterministic

97749 FluffGlitter the Bludgeoner (level 16, -1/107 HPs)
             Began as a Gargoyle Fighter on Jan 5, 2020.
             Was an Initiate of Gozag.
             Killed by divine providence
             ... invoked by a meliai
              (15 damage)
             ... on level 14 of the Dungeon on Jan 8, 2020.
             The game lasted 03:53:45 (32004 turns).

FluffGlitter the Bludgeoner (Gargoyle Fighter)     Turns: 32004, Time: 03:53:45

Health: -1/107     AC: 37    Str: 26    XL:     16   Next: 20%
Magic:  19/19      EV:  8    Int: 10    God:    Gozag
Gold:   6655       SH: 13    Dex:  9    Spells: 15/15 levels left

rFire    + . .     SeeInvis +   a - +2 eveningstar (crush)
rCold    . . .     Gourm    .   W - +0 shield
rNeg     + . .     Faith    .   J - +4 plate armour {rF+}
rPois    ∞         Spirit   .   O - +0 helmet
rElec    +         Reflect  .   o - +0 cloak
rCorr    +         Harm     .   (no gloves)
MR       ++...                  U - +0 pair of boots
Stlth    ..........             X - amulet of Mutualism {Regen+ SInv}
HPRegen  0.67/turn              l - ring of protection from magic
MPRegen  0.16/turn              t - ring of resist corrosion

@: flying, very slightly contaminated, studying Throwing
A: big wings, negative energy resistance 1, electricity resistance, unbreathing,
petrification resistance, rot immunity, AC +12
a: Stop Flying, Potion Petition, Call Merchant, Bribe Branch, Renounce Religion


You were on level 14 of the Dungeon.
You worshipped Gozag.
Gozag was greatly pleased with you.
You were not hungry.

You visited 3 branches of the dungeon, and saw 22 of its levels.
You visited the Abyss 1 time.
You also visited: Gauntlet, Ice Cave and Volcano.

You collected 8587 gold pieces.
You spent 150 gold pieces at shops.
You paid 1782 gold pieces to Gozag.

Inventory:

Hand Weapons
 a - a +2 eveningstar of crushing (weapon)
   (You took it off Urug on level 10 of the Dungeon)
 b - the +10 hunting sling "Ushruacoa" {flame, +Fly rElec rC++ Int-2}
   (You found it in a Gauntlet)

   It causes projectiles fired from it to burn those they strike, causing extra
   injury to most foes and up to half again as much damage against particularly
   susceptible opponents.
   It affects your intelligence (-2).
   It greatly protects you from cold.
   It insulates you from electricity.
   It lets you fly.
 I - a +3 battleaxe
   (You found it on level 2 of the Lair of Beasts)
 Q - a +1 antimagic great mace
   (You took it off a vault guard on level 13 of the Dungeon)
 R - a +2 morningstar of freezing
   (You acquired it on level 12 of the Dungeon)
Missiles
 h - 537 stones (quivered)
Armour
 o - a +0 cloak (worn)
   (You found it on level 2 of the Dungeon)
 H - a +1 buckler of cold resistance
   (You took it off a spriggan on level 6 of the Lair of Beasts)
 J - a +4 plate armour of fire resistance (worn)
   (You found it on level 3 of the Lair of Beasts)
 N - +0 ice dragon scales
   (You found it on level 4 of the Lair of Beasts)
 O - a +0 helmet (worn)
   (You found it on level 11 of the Dungeon)
 U - a +0 pair of boots (worn)
   (You found it on level 4 of the Dungeon)
 W - a +0 shield (worn)
Jewellery
 i - an uncursed ring of protection from fire
   (You found it on level 8 of the Dungeon)
 l - a ring of protection from magic (left hand)
   (You took it off a centaur on level 3 of the Lair of Beasts)
 t - a ring of resist corrosion (right hand)
   (You found it on level 12 of the Dungeon)
 w - a +2 ring of evasion
   (You found it on level 5 of the Dungeon)
 X - the amulet of Mutualism (around neck) {Regen+ SInv}
   (You found it in a Gauntlet)

   [amulet of regeneration]

   It lets you see invisible.
   It increases your rate of regeneration.
Wands
 c - a wand of disintegration (12)
   (You found it in a Gauntlet)
 d - a wand of iceblast (6)
   (You found it on level 6 of the Dungeon)
 u - a wand of paralysis (12)
   (You found it on level 12 of the Dungeon)
 v - a wand of enslavement (22)
   (You found it on level 5 of the Dungeon)
 x - a wand of acid (18)
   (You found it on level 5 of the Lair of Beasts)
 y - a wand of polymorph (30)
   (You took it off an orc wizard on level 5 of the Dungeon)
 z - a wand of scattershot (1)
   (You found it on level 4 of the Dungeon)
Scrolls
 g - a scroll of silence {unknown}
 j - 10 scrolls of remove curse {@r2}
 k - 5 scrolls of teleportation {@r4}
 p - a scroll of brand weapon {unknown}
 q - 3 scrolls of blinking
 r - 6 scrolls of identify {@r1}
 A - a scroll of magic mapping
 C - 6 scrolls of enchant weapon
 P - a scroll of fear {unknown}
 T - a scroll of immolation {unknown}
 Z - 2 scrolls of fog
Potions
 f - 4 potions of brilliance
 m - a potion of berserk rage
 n - a potion of agility
 s - 5 potions of lignification {!q}
 D - a potion of mutation {!q}
 E - a potion of cancellation
 F - 8 potions of curing {@q1}
 G - 2 potions of magic
 L - 3 potions of ambrosia
Books
 S - a manual of Throwing {!d}
   (You found it in an ice cave)
Miscellaneous
 K - a lightning rod (4/4) {!a}
   (You found it on level 4 of the Lair of Beasts)
 M - 2 boxes of beasts
Comestibles
 e - 15 rations {!d}


   Skills:
 + Level 14.7 Fighting
 + Level 15.6(15.7) Maces & Flails
   Level 1.2(10.6) Staves
 - Level 5.2 Slings
 + Level 13.6 Armour
 - Level 1.3 Dodging
 + Level 13.6 Shields
 - Level 5.2 Evocations


You had 15 spell levels left.
You didn't know any spells.
Your spell library contained the following spells:

 Spells                   Type           Power        Failure   Level  Hunger
 Beastly Appendage        Tmut           #.....       98%         1    ##.....
 Confusing Touch          Hex            #.....       98%         1    ##.....
 Corona                   Hex            #......      98%         1    ##.....
 Flame Tongue             Conj/Fire      #....        98%         1    ##.....
 Magic Dart               Conj           #...         98%         1    ##.....
 Summon Butterflies       Summ           #.......     98%         1    ##.....
 Passwall                 Tmut/Erth      #.......     99%         2    ###....
 Slow                     Hex            #.......     99%         2    ###....
 Sticks to Snakes         Tmut           #.......     99%         2    ###....
 Swiftness                Chrm/Air       #.......     99%         2    ###....
 Confuse                  Hex            #.......     100%        3    ####...
 Gell's Gravitas          Tloc           #.........   100%        3    ####...
 Ignite Poison            Fire/Tmut/Pois #.......     100%        3    ####...
 Inner Flame              Hex/Fire       #.......     100%        3    ####...
 Portal Projectile        Hex/Tloc       #.....       100%        3    ####...
 Spider Form              Tmut/Pois      #.........   100%        3    ####...
 Cause Fear               Hex            #.........   100%        4    #####..
 Fulminant Prism          Conj/Hex       #.........   100%        4    #####..
 Ice Form                 Ice/Tmut       #.......     100%        4    #####..
 Leda's Liquefaction      Hex/Erth       #.........   100%        4    #####..
 Passage of Golubria      Tloc           N/A          100%        4    #####..
 Petrify                  Tmut/Erth      #.......     100%        4    #####..
 Sticky Flame             Conj/Fire      #.......     100%        4    #####..
 Blade Hands              Tmut           #.........   100%        5    ######.
 Lee's Rapid Deconstruct  Erth           #.........   100%        5    ######.
 Metabolic Englaciation   Hex/Ice        #.........   100%        5    ######.
 Venom Bolt               Conj/Pois      #.........   100%        5    ######.
 Yara's Violent Unravell  Hex/Tmut       #.........   100%        5    ######.
 Bolt of Fire             Conj/Fire      #.........   100%        6    #######
 Darkness                 Hex            #.........   100%        6    #######
 Invisibility             Hex            #.......     100%        6    #######
 Dragon Form              Tmut           #.........   100%        7    #######
 Dragon's Call            Summ           #.........   100%        9    #######


Dungeon Overview and Level Annotations

Branches:
Dungeon (14/15)            Temple (0/1) D:4            Lair (6/6) D:10
 Shoals (0/4) Lair:3       Spider (0/4) Lair:2        Slime (0/5) Lair:6
    Orc (2/2) D:10            Elf (0/3) Orc:2        Vaults (0/5) D:14
  IceCv (visited)         Volcano (visited)         Gauntlet (visited)

Altars:
Ashenzari
Cheibriados
Dithmenos
Gozag
Hepliaklqana
Makhleb
Sif Muna
Trog
Uskayaw
Vehumet
Xom
Zin

Shops:
D:4 =   D:5 *   D:13 (   Orc:1 %   Orc:2 [(=*

Annotations:
D:2 1 runed translucent door, Crazy Yiuf
D:5 Blork the orc, Sigmund
D:9 1 runed translucent door, Esos's ghost, novice DgIE
Lair:3 1 runed translucent door, Dikli's ghost, journeyman MiBe
Lair:6 exclusion: 3 oklob plants


Innate Abilities, Weirdness & Mutations

You are resistant to torment.
Your stone body is resilient. (AC +12)
You are immune to poison.
Your large and strong wings let you fly indefinitely.
You resist negative energy. (rN+)
You are resistant to electric shocks. (rElec)
You can survive without breathing.
You are immune to petrification.
You are immune to rotting.


Message History

Something smites you!
The centaur shoots an arrow.
You block the arrow. The meliai hits you but does no damage.
The meliai stings you but does no damage.
The centaur shoots an arrow.
The arrow closely misses you.
You see here an arrow.
The meliai calls down the wrath of its god upon you.
Something smites you! The meliai hits you but does no damage.
The meliai stings you but does no damage.
The meliai hits you but does no damage.
The meliai stings you but does no damage.
The centaur shoots an arrow.
The arrow hits you but does no damage. The meliai hits you but does no damage.
The meliai stings you but does no damage.
There is an open door here.
You see here an arrow.
The centaur shoots an arrow.
You block the arrow. The meliai hits you but does no damage.
You block the meliai's attack.
You see here an arrow.
The meliai mumbles some strange prayers to its god against you.
Something smites you! You block the meliai's attack. x2
The meliai mumbles some strange prayers to its god against you.
Something smites you!
The meliai invokes the aid of its god against you.
Something smites you!
* * * LOW HITPOINT WARNING * * *
You block the meliai's attack. The meliai stings you.
* * * LOW HITPOINT WARNING * * *
Okay, then.
The floor.
Unknown command.
Blink to where?
You are very lightly contaminated with residual magic.
As you read the scroll of blinking, it crumbles to dust.
The meliai invokes the aid of its god against you.
Something smites you!
* * * LOW HITPOINT WARNING * * *
The meliai invokes the aid of its god against you.
Something smites you!
* * * LOW HITPOINT WARNING * * *
The meliai invokes the aid of its god against you.
Something smites you!
* * * LOW HITPOINT WARNING * * *
There is a stone staircase leading up here.
Okay, then.
The meliai mumbles some strange prayers to its god against you.
Something smites you!
You die...
Your body crumbles into a pile of gold.

.........##....PP.....####.(...
.........##....P.....## ###(##
...####..##..........## ##(..#
... #...........(.y.####y....
#...##......(.y..##......
#...##......(....y.y.....
#...##..)....y###.....###
#...##......(.# #..#..#
#...##..@.....# #..#..#
#...##.......(# #.##+##
#...##......(.#####
#.......(<(# #.........##
#.......### #.####...# #.#
#...+ #.# #..##


You could see 3 meliai.

Vanquished Creatures
  Gastronok (D:12)
  An orc warlord (Orc:1)
  A vampire knight (D:13)
  A minotaur (Gauntlet)
  An ettin (Orc:1)
  A green death (Gauntlet)
  Erolcha (D:9)
  7 hydras
  An ice dragon (D:12)
  4 vault guards (D:13)
  3 centaur warriors
  3 catoblepae
  An ogre mage (D:14)
  7 two-headed ogres
  A tengu warrior (D:13)
  An orc high priest (Orc:1)
  Sonja (D:11)
  Urug (D:10)
  A sixfirhy (Gauntlet)
  2 unseen horrors
  A wolf spider zombie (D:14)
  3 orc knights
  A wizard (D:14)
  6 lindwurms
  4 ugly things
  4 cyclopes
  A deep elf mage (D:13)
  6 orc sorcerers
  2 manticores (D:14)
  2 ice statues (IceCv)
  A toenail golem (Volcano)
  A molten gargoyle (Volcano)
  Psyche (D:10)
  4 elephants (Lair:2)
  An orange demon (Gauntlet)
  A torpor snail (Lair:2)
  5 black mambas
  11 spiny frogs
  A gargoyle (D:11)
  2 efreet (Volcano)
  6 komodo dragons
  A yaktaur (D:13)
  4 rime drakes
  6 trolls
  10 ice devils (IceCv)
  6 polar bears
  A queen bee (Lair:3)
  3 slime creatures (Gauntlet)
  5 hornets (Lair:6)
  13 hippogriffs
  19 dream sheep
  11 spriggans
  4 redbacks
  62 yaks
  4 wyverns
  3 vampires
  A shadow (D:13)
  3 fire elementals (Volcano)
  A human (D:7)
  3 basilisks
  3 hogs
  Grum (D:11)
  3 hungry ghosts
  3 vampire mosquitoes (D:13)
  3 wargs
  2 acid dragons
  12 water moccasins
  Duvessa (D:7)
  6 porcupines
  8 black bears
  25 orc warriors
  5 boggarts
  3 necrophages
  4 ice beasts
  3 sky beasts
  6 ogres
  2 phantoms
  14 centaurs
  47 wolves
  8 crocodiles
  2 big kobolds (D:13)
  18 bullfrogs
  A gnoll sergeant (D:10)
  Dowan (D:7)
  4 earth elementals (Volcano)
  A wyvern skeleton (D:14)
  3 scorpions
  23 killer bees
  5 wights (D:6)
  3 howler monkeys
  2 electric eels
  10 crimson imps
  3 centaur zombies
  2 quasits
  A bullfrog zombie (D:12)
  10 jellies
  6 hounds
  17 orc wizards
  A bullfrog skeleton (D:5)
  14 orc priests
  Jessica (D:2)
  Natasha (D:4)
  3 iguanas
  6 worker ants
  A howler monkey zombie (D:7)
  A worker ant zombie (D:7)
  7 gnolls (D:9)
  7 adders
  2 howler monkey skeletons
  2 shadow imps
  9 white imps (IceCv)
  12 ufetubi
  2 oozes
  2 worms
  2 dart slugs
  4 leopard geckos
  63 orcs
  2 ball pythons (D:4)
  2 giant cockroaches
  9 goblins
  5 hobgoblins
  6 jackals
  2 quokkas
  7 bats
  2 frilled lizards
  A jackal skeleton (D:6)
  18 kobolds
  2 leopard gecko skeletons
  A leopard gecko zombie (D:6)
  9 rats
741 creatures vanquished.

Vanquished Creatures (collateral kills)
  A spriggan (Lair:6)
1 creature vanquished.

Vanquished Creatures (others)
  A reaper (IceCv)
  A lindwurm (Volcano)
  A hornet (Lair:6)
  An orc warrior (Orc:1)
  A white imp (IceCv)
  2 ufetubi (IceCv)
  A fire vortex (Volcano)
  11 fungi
  13 plants
  A withered plant (Gauntlet)
33 creatures vanquished.

Grand Total: 775 creatures vanquished

Notes
Turn   | Place    | Note
-------+----------+-------------------------------------------
     0 | D:1      | FluffGlitter the Gargoyle Fighter began the quest for the
                  | Orb.
     0 | D:1      | Reached XP level 1. HP: 14/14 MP: 1/1
   270 | D:1      | Reached XP level 2. HP: 17/19 MP: 2/2
   476 | D:1      | Reached skill level 3 in Maces & Flails
   651 | D:2      | Noticed Jessica
   862 | D:2      | Reached XP level 3. HP: 14/23 MP: 3/3
  1054 | D:2      | Killed Jessica
  1054 | D:2      | Reached skill level 4 in Maces & Flails
  1126 | D:2      | Reached XP level 4. HP: 28/28 MP: 4/4
  1243 | D:2      | HP: 1/28 [orc priest/divine providence (15)]
  1657 | D:3      | Noticed a sky beast
  1692 | D:2      | Killed a sky beast
  1692 | D:2      | Reached skill level 5 in Maces & Flails
  1692 | D:2      | Reached XP level 5. HP: 15/32 MP: 5/5
  1877 | D:2      | Found a runed translucent door.
  1878 | D:2      | Noticed Crazy Yiuf
  2499 | D:3      | Reached skill level 6 in Maces & Flails
  2499 | D:3      | Reached XP level 6. HP: 17/37 MP: 6/6
  2783 | D:3      | Found an opulent altar of Gozag.
  2791 | D:3      | Became a worshipper of Gozag Ym Sagoz the Greedy
  2830 | D:4      | Found a staircase to the Ecumenical Temple.
  3026 | D:3      | Found a shimmering altar of Xom.
  3118 | D:3      | Found a burning altar of Makhleb.
  3457 | D:4      | Found a hide-covered altar of Uskayaw.
  3459 | D:4      | Noticed a +0 hand axe
  3460 | D:4      | Noticed a +0 dagger
  3633 | D:5      | Entered Level 5 of the Dungeon
  3639 | D:4      | Found a snail-covered altar of Cheibriados.
  3745 | D:4      | Reached skill level 7 in Maces & Flails
  3874 | D:4      | Reached XP level 7. HP: 39/41 MP: 7/7
  3880 | D:4      | Noticed Natasha
  3883 | D:4      | Killed Natasha
  4226 | D:4      | Found Qonuq's Jewellery Shoppe.
  4529 | D:5      | Reached skill level 8 in Maces & Flails
  4635 | D:5      | Found Xialis's Assorted Antiques.
  4888 | D:5      | Noticed Sigmund
  5351 | D:5      | Noticed Blork the orc
  5364 | D:5      | Found a shimmering blue altar of Sif Muna.
  5734 | D:6      | Reached skill level 9 in Maces & Flails
  5734 | D:6      | Reached XP level 8. HP: 15/46 MP: 8/8
  6203 | D:6      | Found a hazy altar of Hepliaklqana.
  7139 | D:7      | Reached XP level 9. HP: 52/52 MP: 9/9
  7301 | D:7      | Reached skill level 5 in Fighting
  7301 | D:7      | Reached skill level 5 in Armour
  7301 | D:7      | Reached skill level 5 in Shields
  7515 | D:7      | Found a radiant altar of Vehumet.
  7599 | D:7      | Reached skill level 10 in Maces & Flails
  7960 | D:7      | Noticed Duvessa
  8105 | D:7      | Killed Duvessa
  8152 | D:7      | Found a shadowy altar of Dithmenos.
  8280 | D:7      | Noticed Dowan
  8305 | D:7      | Killed Dowan
  8699 | D:8      | Found a shattered altar of Ashenzari.
  8839 | D:8      | Killed an unseen horror
  8839 | D:8      | Reached XP level 10. HP: 35/61 MP: 10/10
  9265 | D:8      | Found a radiant altar of Vehumet.
  9375 | D:9      | Found a bloodstained altar of Trog.
  9419 | D:10     | Entered Level 10 of the Dungeon
  9466 | D:9      | Reached skill level 1 in Staves
  9539 | D:9      | Noticed Erolcha
  9547 | D:9      | Noticed a two-headed ogre
  9557 | D:9      | Killed Erolcha
  9610 | D:9      | Killed a two-headed ogre
  9610 | D:9      | Reached skill level 11 in Maces & Flails
  9764 | D:9      | Found a runed translucent door.
  9782 | D:9      | Noticed Esos's ghost (novice DgIE)
 10791 | D:10     | Reached XP level 11. HP: 48/68 MP: 11/11
 11063 | D:10     | Found a staircase to the Lair.
 11408 | D:10     | Found a staircase to the Orcish Mines.
 11448 | D:11     | Noticed Psyche
 11457 | D:11     | Noticed Urug
 11457 | D:11     | Noticed Sonja
 11484 | D:10     | Killed Urug
 12066 | Lair:1   | Entered Level 1 of the Lair of Beasts
 12067 | Lair:1   | Found a dark tunnel.
 12229 | Volcano  | Entered a volcano
 12328 | Volcano  | Noticed a lindwurm
 12328 | Volcano  | Noticed a lindwurm
 12470 | Volcano  | Killed a lindwurm
 12706 | Volcano  | Reached skill level 12 in Maces & Flails
 13336 | Lair:1   | Reached XP level 12. HP: 77/77 MP: 12/12
 13476 | Lair:1   | Reached skill level 10 in Fighting
 13476 | Lair:1   | Reached skill level 10 in Armour
 13476 | Lair:1   | Reached skill level 10 in Shields
 14721 | Lair:2   | You fall into a shaft and drop 1 floor!
 15315 | Lair:2   | Found a hole to the Spider Nest.
 15680 | Lair:2   | Reached skill level 13 in Maces & Flails
 15845 | Lair:2   | Reached XP level 13. HP: 66/84 MP: 13/13
 16176 | Lair:3   | Found a staircase to the Shoals.
 16394 | Lair:3   | Noticed Dikli's ghost (journeyman MiBe)
 17048 | Lair:3   | Found a runed translucent door.
 18986 | Lair:6   | Entered Level 6 of the Lair of Beasts
 19080 | Lair:5   | Reached skill level 1 in Evocations
 20107 | Lair:6   | Gained mutation: Your large and strong wings let you fly
                  | indefinitely. [Gargoyle growth]
 20107 | Lair:6   | Reached XP level 14. HP: 92/92 MP: 14/16
 20284 | Lair:4   | Identified the Papyrus of Supportive Transmutation
 20291 | Lair:4   | Got a transparent bardiche
 20296 | Lair:4   | Got a slimy buckler
 20312 | Lair:4   | Identified the +3 buckler of the Failed Coup {*Slow rElec
                  | Regen+ Dex+9} (You found it on level 4 of the Lair of
                  | Beasts)
 20497 | Lair:6   | Found a staircase to the Slime Pits.
 20756 | Lair:6   | Reached skill level 14 in Maces & Flails
 23032 | D:10     | Killed Psyche
 23226 | D:11     | Noticed Grum
 23230 | D:11     | Killed Grum
 23349 | D:11     | Killed Sonja
 23652 | D:12     | Noticed Gastronok
 23698 | D:11     | Identified the +2 leather armour of Entitlement {MR- Int-5
                  | Dex+6 Slay+5}
 23866 | D:12     | Identified a scroll of acquirement
 23903 | D:12     | Found a frozen archway.
 24020 | IceCv    | Entered an ice cave
 24197 | IceCv    | Killed a reaper
 24272 | IceCv    | Reached skill level 5 in Evocations
 25293 | D:12     | Reached XP level 15. HP: 99/99 MP: 18/18
 25637 | D:13     | Found a glowing silver altar of Zin.
 25642 | D:13     | Got a slimy falchion
 25650 | D:13     | Found a gate leading to a gauntlet.
 25658 | Gauntlet | Entered a Gauntlet
 25658 | Gauntlet | Found a transporter.
 25658 | Gauntlet | Found a transporter.
 25673 | Gauntlet | Found a transporter.
 25674 | Gauntlet | Found a transporter.
 25682 | Gauntlet | Found a transporter.
 25685 | Gauntlet | Found a transporter.
 25693 | Gauntlet | Found a transporter.
 25713 | Gauntlet | Found a transporter.
 25731 | Gauntlet | Found a transporter.
 25734 | Gauntlet | Found a transporter.
 25745 | Gauntlet | Found a transporter.
 25747 | Gauntlet | Found a transporter.
 25903 | Gauntlet | Got a transparent hunting sling
 25915 | Gauntlet | Reached skill level 1 in Dodging
 25972 | Gauntlet | Identified the +10 hunting sling "Ushruacoa" {flame, +Fly
                  | rElec rC++ Int-2} (You found it in a Gauntlet)
 26087 | Gauntlet | Got a scorched tin amulet
 26089 | Gauntlet | Identified the amulet of Mutualism {Regen+ SInv} (You found
                  | it in a Gauntlet)
 26310 | D:12     | Killed Gastronok
 26310 | D:12     | Reached skill level 1 in Slings
 27389 | D:13     | Identified the cursed +2 dagger of the Modern Beggars
                  | {protect, *Corrode +Blink rElec rC+}
 27453 | D:13     | Identified the Incunabulum of Lethal Envenoming
 27668 | Orc:1    | Entered Level 1 of the Orcish Mines
 27757 | Orc:2    | Entered Level 2 of the Orcish Mines
 27841 | Orc:1    | Found Pisabb's Food Emporium.
 28041 | Orc:2    | Found Bavawa's Jewellery Shop.
 28041 | Orc:2    | Noticed an orc warlord
 28123 | Orc:1    | Killed an orc warlord
 28123 | Orc:1    | Reached skill level 15 in Maces & Flails
 29533 | Orc:2    | Found Wuen's General Store.
 29556 | Orc:2    | Bought a scroll of enchant weapon for 90 gold pieces
 29556 | Orc:2    | Bought a ration for 60 gold pieces
 29908 | Orc:2    | Paralysed by an orc sorcerer for 6 turns
 30037 | Orc:2    | Found a staircase to the Elven Halls.
 30041 | Orc:2    | Found a burning altar of Makhleb.
 30100 | Orc:2    | Found Yvaer's Antique Weapon Boutique.
 30113 | Orc:2    | Found Dastronk's Antique Armour Boutique.
 30852 | D:14     | Found a gate to the Vaults.
 30878 | D:13     | Reached skill level 5 in Slings
 31160 | D:13     | Reached XP level 16. HP: 102/107 MP: 19/19
 31375 | D:14     | Cast into level 2 of the Abyss (a wizard)
 31383 | Abyss:2  | Found a corrupted altar of Lugonu.
 31395 | D:14     | Escaped the Abyss
 32004 | D:14     | Killed from afar by a meliai

Levels and vault maps discovered:
D:1:      matt_arrival_diagonals, layout_basic
D:2:      layout_basic, chequers_serial_rivers_micro_a, serial_bayou_lake_a,
          uniq_jessica, uniq_crazy_yiuf_cottage
D:3:      layout_loops_corners, lemuel_coloured_pillars_altar,
          lemuel_doored_altar, makhleb_grotto_becter
D:4:      layout_basic, dancing_weapons_uskayaw, lemuel_crystal_altar,
          minmay_temple_entry_stoned_glass, minmay_shop_enchanted_jewellery,
          uniq_natasha
D:5:      layout_basic, first_ration, serial_shops, nicolae_shop_behind_doors,
          tgw_sif, uniq_sigmund
D:6:      layout_cave_pools, kennysheep_mini
D:7:      layout_cave_pools, vehumet_crystals, basic_altar, grunt_livestock,
          kennysheep_flooded_box, nicolae_sextant, uniq_duvessa
D:8:      layout_rooms, evilmike_ruin_ashenzari, lemuel_statue_altar
D:9:      layout_cave_pools, hellmonk_ghost_happy_afterlife, enter_bailey_3,
          basic_altar, supply_closet_lemuel, uniq_erolcha
D:10:     layout_gridville, lair_entry_dummy, david_orc_3, hangedman_glass_teeth
D:11:     layout_cave_pools, serial_column_ruins, column_ruins_hut_pillars,
          column_ruins_hut, column_ruins_grid_1, column_ruins_open_tiny,
          column_ruins_columns_T, column_ruins_open_small, column_ruins_grid_3,
          uniq_grum, uniq_urug, uniq_psyche, uniq_sonja
D:12:     layout_rooms, portal_ice_cave_entry_animals_and_master, uniq_gastronok
D:13:     layout_gridville, basic_altar, gauntlet_entry_generic,
          minmay_evil_grid
D:14:     layout_long_grid, lightli_vaults_fourway_checkpoint, basic_altar,
          serial_park_tiny_1, dk_noncrumbling_3
Lair:1:   layout_roguey, nicolae_volcano_entry_lava_flow
Lair:2:   layout_cave_pods, spider_nest_entry_webs, nicolae_quartered_pool_super
Lair:3:   layout_layer_cave, minmay_shoals_entry_centaurs, special_room
          [special_room_bee], hellmonk_ghost_happy_afterlife
Lair:4:   layout_regular_city, minmay_lindwurm_lava
Lair:5:   layout_regular_city, infiniplex_staircase_pool
Lair:6:   minmay_lair_end_enchanted_forest, layout_long_grid,
          minmay_slime_entry_oklob_enclosed, lemuel_fruit_fields,
          infiniplex_staircase_pool_2
Orc:1:    layout_caves, serial_shops, shop
Orc:2:    grunt_orc_gardens, layout_caves, grunt_orc_garden, grunt_orc_garden,
          grunt_orc_garden, grunt_orc_garden, bloody_makhleb

Skill      XL: |  1  2  3  4  5  6  7  8  9 10 11 12 13 14 15 |
---------------+----------------------------------------------+-----
Maces & Flails | 3 4 5 6 7 9 10 11 12 13 14 15 | 15.6
Fighting       | 4 6 8 9 11 12 13 14 | 14.7
Armour         | 4 6 8 9 11 12 13 | 13.6
Shields        | 4 6 8 9 11 12 13 | 13.6
Staves         | 1 |  1.2
Evocations     | 2 5 |  5.2
Dodging        | 1 |  1.3
Slings         | 5 |  5.2

Action                   |  1- 3 |  4- 6 |  7- 9 | 10-12 | 13-15 | 16-18 || total
-------------------------+-------+-------+-------+-------+-------+-------++-------
Melee: Flail             |    81 |    73 |   322 |   404 |       |       ||   880
       Mace              |       |   188 |   166 |       |       |       ||   354
       Eveningstar       |       |       |       |   481 |  1709 |    77 ||  2267
       Great mace        |       |       |       |       |       |    15 ||    15
 Fire: Hunting sling     |       |       |       |       |    49 |       ||    49
Throw: Stone             |       |       |    20 |    71 |     9 |       ||   100
Invok: Potion Petition   |       |       |       |       |     2 |     1 ||     3
       Call Merchant     |       |       |       |       |       |     1 ||     1
 Abil: Fly               |       |       |       |       |     1 |       ||     1
Evoke: Wand              |       |       |       |     4 |     4 |       ||     8
  Use: Scroll            |       |     2 |    10 |    10 |     7 |     2 ||    31
       Potion            |       |       |     1 |     3 |     3 |       ||     7
 Stab: Distracted        |       |       |       |     2 |     2 |       ||     4
  Eat: Chunk             |     1 |     3 |       |       |       |       ||     4
       Ration            |       |     2 |     5 |     7 |    16 |     1 ||    31
Armor: Scale mail        |    10 |       |       |       |       |       ||    10
       Plate armour      |    56 |   181 |   300 |   470 |  1024 |    74 ||  2105
       Skin              |       |       |     7 |       |       |       ||     7
       Ice dragon scales |       |       |       |       |    82 |       ||    82
Dodge: Dodged            |    14 |    42 |    76 |   211 |   461 |    34 ||   838
Block: Shield            |    45 |   116 |   245 |   489 |  1097 |    38 ||  2030
       Buckler           |       |       |       |       |    39 |       ||    39
